cohdb
Replays
Latest Replays
All Replays
Popular Replays
Top Player Replays
Match Explorer
How It Works
Community
CoH3 Stats
Reddit
Sign in to upload your games and track your stats! →
Sign in with Steam
Match 41011241
Unlisted
Match 41011241
Overview
Messages
Build Orders
End
Selects Armored Support Battlegroup
Panzergrenadier Squad
Kradschützen Motorcycle Team
Panzergrenadier Squad
Construct Light Support Kompanie
MG34 Team
Fire Support Elements
2.5-tonne Medical Truck
le.IG 18 Mechanized Group
Pak 38 Anti-tank Gun Team
Vehicle Survival Package
Construct Panzerarmee Kommand
Panzer III L Medium Tank
Armored Reserves
le.IG 18 Mechanized Group
Selects Veteran Gunners
Selects Flammpanzer III Medium Tank
Selects Salvage Kits
Emergency Repair Kits
Panzer III L Medium Tank
Tungsten Core Ammunition
Selects Panzer Storm
UH|dun! ツ
UH|ck
iceman
Lynx
THE default
Mølle
0
0
Comments
sign in to comment!
No comments posted yet!